 Dungeon Crawl Stone Soup version 0.24.0-13-gcf9b319 (webtiles) character file.

Game seed: 14100995779809195295, levelgen mode: deterministic

2387 Fang the Skirmisher (level 9, 0/56 HPs)
             Began as a Gargoyle Berserker on Nov 14, 2019.
             Was a Priest of Trog.
             Slain by a killer bee (3 damage)
             ... on level 8 of the Dungeon.
             The game lasted 00:07:11 (7489 turns).

Fang the Skirmisher (Gargoyle Berserker)            Turns: 7489, Time: 00:07:11

Health: 0/56       AC: 19    Str: 25    XL:     9   Next: 46%
Magic:  9/9        EV:  5    Int: 12    God:    Trog [***...]
Gold:   553        SH: 15    Dex:  9    Spells: 8/8 levels left

rFire    . . .     SeeInvis .   a - +0 war axe
rCold    . . .     Gourm    .   d - +0 large shield
rNeg     + . .     Faith    .   b - +0 plate armour
rPois    ∞         Spirit   .   (no helmet)
rElec    +         Reflect  .   (no cloak)
rCorr    .         Harm     .   (no gloves)
MR       ++...                  (no boots)
Stlth    ..........             (no amulet)
HPRegen  1.18/turn              u - +5 ring of intelligence
MPRegen  0.11/turn              (no ring)

@: berserk cooldown, regenerating, very slow
A: negative energy resistance 1, electricity resistance, unbreathing,
petrification resistance, rot immunity, AC +6
a: Berserk, Trog's Hand, Renounce Religion


You were on level 8 of the Dungeon.
You worshipped Trog.
Trog was most pleased with you.
You were very hungry.

You visited 2 branches of the dungeon, and saw 9 of its levels.

You collected 553 gold pieces.

Inventory:

Hand Weapons
 a - a +0 war axe (weapon)
Armour
 b - a +0 plate armour (worn)
 d - a +0 large shield (worn)
Jewellery
 u - a +5 ring of intelligence (left hand)
Wands
 t - a wand of enslavement (8)
 v - a wand of random effects (18)
Scrolls
 f - 4 scrolls of teleportation {unknown}
 i - 4 scrolls of remove curse {unknown}
 j - 5 scrolls of identify {unknown}
 k - a scroll of enchant armour {unknown}
 m - 4 scrolls of immolation {unknown}
 n - a scroll of noise {unknown}
 o - a scroll of fog {unknown}
 p - 3 scrolls of enchant weapon {unknown}
 r - 2 scrolls of magic mapping {unknown}
Potions
 e - 7 potions of curing
 g - a potion of degeneration {unknown}
 h - 3 potions of haste {unknown}
 l - 2 potions of might {unknown}
 q - a potion of magic {unknown}
 s - a potion of brilliance {unknown}
Comestibles
 c - 15 rations


   Skills:
 + Level 6.9 Fighting
 + Level 5.7 Axes
 + Level 6.5 Armour
 + Level 4.9 Dodging
 + Level 5.6 Shields


You had 8 spell levels left.
You didn't know any spells.
Your spell library was empty.

Dungeon Overview and Level Annotations

Branches:
Dungeon (8/15)             Temple (1/1) D:5
   Lair: D:8-11

Altars:
Cheibriados
Kikubaaqudgha
Nemelex Xobeh
Qazlal
Trog
Zin
The Shining One

Shops:
D:5 =   D:6 [


Innate Abilities, Weirdness & Mutations

You are resistant to torment.
Your stone body is resilient. (AC +6)
You are immune to poison.
You resist negative energy. (rN+)
You are resistant to electric shocks. (rElec)
You can survive without breathing.
You are immune to petrification.
You are immune to rotting.


Message History

You block the killer bee's attack.
The killer bee stings you but does no damage. x2
The killer bee barely misses you.
The killer bee stings you but does no damage. x2
The killer bee stings you.
* * * LOW HITPOINT WARNING * * *
The killer bee barely misses you. x2; The gnoll hits you but does no damage.
The gnoll barely misses you. The killer bee stings you.
* * * LOW HITPOINT WARNING * * *
Your skin crawls.
You feel resistant to hostile enchantments.
You are feeling very hungry.
You feel yourself speed up.
You block the killer bee's attack. x2; The killer bee stings you.
* * * LOW HITPOINT WARNING * * *
The killer bee stings you but does no damage.
You block the killer bee's attack.
The killer bee stings you but does no damage.
The gnoll hits you but does no damage. The killer bee stings you.
You die...

#.##...############...##
#...........# ##...##
#..#...####.# #8...8#
#..#...# ### ####...##
#..##### ###8###8##...#
##..#######............##
#........##............8#
###[......y#.............##
.....>.≈.≈.@ygg#8###8##...#
####..≈##'##ygg########...##
+..##...###.....# #8..)8#
#.. #.#.# #.....# ##...##
.... #...# #g....# #..(##
..... ##'## #.....# ##..(##
... #.# #.....# #8..(8# ###
##'#### ##..(## #.# #.....


You could see 3 killer bees and 4 gnolls.

Vanquished Creatures
  Eustachio (D:6)
  A hungry ghost (D:8)
  2 phantoms
  2 ogres
  An ice beast (D:7)
  A centaur (D:8)
  A crocodile (D:8)
  A bullfrog (D:8)
  3 scorpions
  4 crimson imps
  A centaur zombie (D:6)
  6 jellies
  5 hounds
  3 orc priests
  2 orc wizards (D:5)
  Crazy Yiuf (D:5)
  9 worker ants
  4 iguanas
  A hound skeleton (D:6)
  2 worker ant zombies
  A howler monkey zombie (D:5)
  4 gnolls (D:5)
  A howler monkey skeleton (D:4)
  10 adders
  2 shadow imps (D:5)
  7 oozes
  An adder zombie (D:8)
  3 worms
  2 dart slugs
  4 leopard geckos
  12 orcs
  A ball python (D:1)
  9 bats
  2 giant cockroaches
  A goblin (D:3)
  2 hobgoblins
  13 jackals
  5 kobolds
  4 quokkas
  2 frilled lizards (D:1)
  A leopard gecko skeleton (D:5)
  A leopard gecko zombie (D:8)
  2 rats
  A fungus (D:2)
142 creatures vanquished.

Vanquished Creatures (others)
  2 toadstools (D:2)
2 creatures vanquished.

Grand Total: 144 creatures vanquished

Notes
Turn   | Place    | Note
-------+----------+-------------------------------------------
     0 | D:1      | Fang the Gargoyle Berserker began the quest for the Orb.
     0 | D:1      | Reached XP level 1. HP: 14/14 MP: 1/1
   772 | D:1      | Reached XP level 2. HP: 19/19 MP: 2/2
  1010 | D:2      | Found a bloodstained altar of Trog.
  1249 | D:2      | Found a glowing silver altar of Zin.
  1313 | D:2      | Reached XP level 3. HP: 11/24 MP: 3/3
  2243 | D:3      | Reached XP level 4. HP: 16/29 MP: 4/4
  2346 | D:3      | Reached skill level 1 in Shields
  2371 | D:3      | Found a glowing golden altar of the Shining One.
  2371 | D:3      | Found an ancient bone altar of Kikubaaqudgha.
  2372 | D:3      | Found a sparkling altar of Nemelex Xobeh.
  2607 | D:3      | Reached XP level 5. HP: 29/33 MP: 5/5
  2931 | D:4      | Noticed a phantom
  3294 | D:4      | Killed a phantom
  3294 | D:4      | Reached XP level 6. HP: 39/39 MP: 6/6
  3381 | D:4      | Reached ** piety under Trog
  3964 | D:5      | Entered Level 5 of the Dungeon
  3974 | D:5      | Reached XP level 7. HP: 41/44 MP: 7/7
  4123 | D:5      | Found Goneday's Jewellery Shop.
  4149 | D:5      | Reached skill level 5 in Fighting
  4432 | D:5      | Found a staircase to the Ecumenical Temple.
  4443 | Temple   | Entered the Ecumenical Temple
  4756 | D:5      | Reached XP level 8. HP: 48/49 MP: 8/8
  4823 | D:5      | Found a snail-covered altar of Cheibriados.
  4990 | D:5      | Reached skill level 5 in Armour
  5042 | D:5      | Found a runed translucent door.
  5043 | D:5      | Noticed Crazy Yiuf
  5173 | D:5      | Killed Crazy Yiuf
  5388 | D:6      | Noticed Eustachio
  5533 | D:6      | Killed Eustachio
  5693 | D:6      | Found Nachipp's Armour Shop.
  5719 | D:6      | Reached skill level 5 in Axes
  7180 | D:8      | Reached *** piety under Trog
  7180 | D:8      | Reached XP level 9. HP: 55/55 MP: 9/9
  7182 | D:8      | Reached skill level 5 in Shields
  7197 | D:8      | Paralysed by fainting for 8 turns
  7228 | D:8      | Paralysed by fainting for 10 turns
  7488 | D:8      | HP: 2/56 [killer bee (1)]
  7489 | D:8      | Slain by a killer bee

Levels and vault maps discovered:
D:1:      minmay_arrival_up_and_down, layout_basic
D:2:      layout_loops_ring, lemuel_crystal_altar, zin_statuary,
          minmay_gold_behind_fungi
D:3:      layout_loops_ring, gammafunk_temple_overflow_claw, first_ration
D:4:      cheibrodos_quashed, layout_rooms
D:5:      minmay_spotlight, layout_cave_pools, minmay_temple_entry_ruins,
          serial_shops, nicolae_shop_crystal, chequers_serial_rivers_micro_a,
          cheibriados_altar_1, uniq_crazy_yiuf_cottage
D:6:      layout_loops_corners, serial_shops, nicolae_shop_statue_plus,
          uniq_eustachio
D:7:      layout_basic
D:8:      layout_basic, hangedman_little_slice_of_home, corexii_hall_statues_t
Temple:   nicolae_temple_elliptical

Skill      XL: |  1  2  3  4  5  6  7  8  9 |
---------------+----------------------------+-----
Axes           | 3 4 5 |  5.7
Dodging        | 2 3 4 |  4.9
Armour         | 3 4 5 6 |  6.5
Shields        | 1 2 3 4 5 |  5.6
Fighting       | 4 5 6 |  6.9

Action                   |  1- 3 |  4- 6 |  7- 9 || total
-------------------------+-------+-------+-------++-------
Melee: Hand axe          |   118 |   330 |   310 ||   758
       War axe           |       |       |   216 ||   216
Invok: Berserk           |       |     2 |     8 ||    10
       Trog's Hand       |       |       |     6 ||     6
 Stab: Sleeping          |     1 |       |       ||     1
  Eat: Chunk             |     4 |     5 |    21 ||    30
       Ration            |       |     1 |     3 ||     4
Armor: Animal skin       |    43 |    36 |       ||    79
       Plate armour      |       |   128 |   564 ||   692
Dodge: Dodged            |    40 |    55 |   127 ||   222
Block: Large shield      |    73 |   235 |   579 ||   887
